 Dungeon Crawl Stone Soup version 0.30-a0-304-gdc4b735fe1 (webtiles) character file.

Game seed: 9243729254454394487

277 Harunobu the Trooper (level 6, -2/56 HPs)
             Began as a Minotaur Monk on Oct 20, 2022.
             Slain by an ogre
             ... wielding a +0 giant club
              (22 damage)
             ... on level 4 of the Dungeon.
             The game lasted 00:03:47 (3426 turns).

Harunobu the Trooper (Minotaur Monk)                Turns: 3426, Time: 00:03:48

Health: -2/56      AC:  7    Str: 18    XL:     6   Next: 4%
Magic:  5/5        EV: 11    Int:  7    God:
Gold:   244        SH:  0    Dex: 12    Spells: 5/5 levels left

rFire   . . .      SeeInvis .    k - +0 short sword (speed)
rCold   . . .      Faith    .    (no shield)
rNeg    . . .      Spirit   .    p - +0 scale mail
rPois   +          Reflect  .    (helmet restricted)
rElec   .          Harm     .    t - +0 cloak
rCorr   .          Rampage  .    (no gloves)
Will    .....                    (no boots)
Stlth   +.........               (no amulet)
HPRegen 0.29/turn                s - ring of poison resistance
MPRegen 0.09/turn                (no ring)

@: no status effects
A: horns 2, retaliatory headbutt
a: no special abilities


You were on level 4 of the Dungeon.
You visited 1 branch of the dungeon, and saw 4 of its levels.

You collected 244 gold pieces.

Inventory:

Hand Weapons
 a - a +0 mace
 k - a +0 short sword of speed (weapon)
Armour
 b - a +0 robe
 p - a +0 scale mail (worn)
 t - a +0 cloak (worn)
Jewellery
 s - a ring of poison resistance (left hand)
Wands
 m - a wand of flame (6)
 o - a wand of charming (9)
 u - a wand of iceblast (9)
Scrolls
 d - a scroll of vulnerability {unknown}
 e - 5 scrolls of identify {unknown}
 i - 2 scrolls of teleportation {unknown}
 l - 3 scrolls of blinking {unknown}
 n - 2 scrolls of summoning {unknown}
 q - a scroll of acquirement {unknown}
Potions
 c - a potion of ambrosia
 f - 2 potions of curing
 g - 3 potions of degeneration {unknown}
 h - a potion of heal wounds {unknown}
 j - 2 potions of mutation {unknown}
 r - a potion of lignification {unknown}


   Skills:
 + Level 5.5 Fighting
 - Level 3.6 Maces & Flails
 + Level 5.1 Dodging
 + Level 3.4 Stealth


You had 5 spell levels left.
You didn't know any spells.
Your spell library contained the following spells:

 Spells                   Type           Power      Damage    Failure   Level
 Slow                     Hex            0%         N/A       85%         1
 Confusing Touch          Hex            0%         N/A       99%         3
 Vampiric Draining        Necr           0%         2d6       99%         3


Dungeon Overview and Level Annotations

Branches:
Dungeon (4/15)
 Temple: D:4-7

Altars:


Innate Abilities, Weirdness & Mutations

You have a pair of horns on your head.
You reflexively headbutt those who attack you in melee.


Message History

You now have 220 gold pieces (gained 9).
You open the door.
An endoplasm comes into view.
The endoplasm quivers.
Found 16 gold pieces.
Found a stone staircase leading down.
There is an open door here.
You hit the endoplasm.
The endoplasm is almost dead.
The endoplasm hits you.
You hit the endoplasm.
You kill the endoplasm!
You now have 236 gold pieces (gained 16).
You open the door.
There is an open door here.
Found a stone staircase leading up.
There is a stone staircase leading down here.
Found 6 stones.
You see here 6 stones.
You see here 6 stones.
There is an open door here.
You open the door.
There is an open door here.
You now have 244 gold pieces (gained 8).
Found a dagger.
You see here a +0 dagger.
There is an open door here.
There is an open door here.
An ogre comes into view. It is wielding a +0 giant club.
The ogre shouts!
You hit the ogre but do no damage.
The ogre hits you with a +0 giant club!!
You barely miss the ogre. You hit the ogre.
The ogre is lightly wounded.
The ogre hits you with a +0 giant club!!
You hit the ogre.
The ogre is lightly wounded.
The ogre attacks as you move away!
The ogre hits you with a +0 giant club!!
You die...

...#. ##.####### #.#.##
##......... #....#
#..........
#..######...#.###.
#.............# #.
########.######..######.
.........# #.....)...
#######..# ##'#######
#@.# ##...## #O.#
##.....## ...#
#.......## ...##
#.........### .....
.'.........+..
.#...####.........###
......# ##.......##
##.##### ##.....##
.......#


You could see an ogre.

Vanquished Creatures
  A black bear (D:4)
  A hound (D:4)
  Ijyb (D:3)
  Terence (D:2)
  3 gnolls (D:2)
  3 worms
  4 dart slugs
  9 endoplasms
  2 giant cockroaches
  9 goblins
  4 hobgoblins
  4 quokkas
  7 ball pythons
  7 bats
  5 frilled lizards
  7 kobolds
  5 rats
73 creatures vanquished.

Notes
Turn   | Place    | Note
-------+----------+-------------------------------------------
     0 | D:1      | Harunobu the Minotaur Monk began the quest for the Orb.
     0 | D:1      | Reached XP level 1. HP: 19/19 MP: 0/0
   306 | D:1      | Reached XP level 2. HP: 27/27 MP: 1/1
   886 | D:2      | Reached XP level 3. HP: 33/33 MP: 2/2
  1226 | D:2      | Reached XP level 4. HP: 41/41 MP: 3/3
  1330 | D:2      | Noticed Terence
  1344 | D:2      | Killed Terence
  1633 | D:2      | Found a faded altar of an unknown god.
  2283 | D:3      | Noticed Ijyb
  2303 | D:3      | Killed Ijyb
  2304 | D:3      | Reached skill level 5 in Fighting
  2304 | D:3      | Reached XP level 5. HP: 27/48 MP: 4/4
  3008 | D:4      | Noticed a black bear
  3016 | D:4      | Killed a black bear
  3017 | D:4      | Reached skill level 5 in Dodging
  3017 | D:4      | Reached XP level 6. HP: 45/56 MP: 5/5
  3426 | D:4      | Slain by an ogre

Illustrated notes

Levels and vault maps discovered:
D:1:      psy_arrival_heroes, layout_basic, minmay_misc_feat_enclosed,
          minmay_pentomino_z4
D:2:      layout_loops_ring, hellmonk_ecumenical_altar_pennies_from_heaven,
          uniq_terence
D:3:      layout_loops_corners, lemuel_flame_loot_1, uniq_ijyb
D:4:      layout_loops_corners

Skill      XL: |  1  2  3  4  5 |
---------------+----------------+-----
Fighting       | 4 5 |  5.5
Stealth        | 2 3 |  3.4
Dodging        | 4 5 |  5.1
Maces & Flails | |  3.6

Action                   |  1- 3 |  4- 6 || total
-------------------------+-------+-------++-------
Melee: Mace              |    32 |       ||    32
       Headbutt          |    12 |    30 ||    42
       Short sword       |    35 |   151 ||   186
 Stab: Sleeping          |     3 |     1 ||     4
Armor: Robe              |     9 |     3 ||    12
       Scale mail        |       |    30 ||    30
Dodge: Dodged            |    44 |    64 ||   108

Table legend: (Time is in decaauts)
 A = Elapsed time spent in this place.
 B = Non-inter-level travel time spent in this place.
 C = Inter-level travel time spent in this place.
 D = Time resting spent in this place.
 E = Time spent auto-exploring this place.
 F = Levels seen in this place.
 G = Mean time per level.
                   A        B        C        D        E       F      G
               +--------+--------+--------+--------+--------+-----+--------+
         Total |   3370 |   3228 |    142 |    597 |   2038 |   4 |  842.5 |
       Dungeon |   3370 |   3228 |    142 |    597 |   2038 |   4 |  842.5 |
               +--------+--------+--------+--------+--------+-----+--------+

Top non-repeatable levels by time:
     D:3: 1041 daAuts
     D:1: 857 daAuts
     D:2: 827 daAuts
     D:4: 644 daAuts
